 Dungeon Crawl Stone Soup version 0.31-a0-986-g5e6e4ef867 (webtiles) character file.

Game seed: 9589861166207856485

215 ytrimaz the Sneak (level 5, 0/49 HPs)
             Began as an Octopode Shapeshifter on Nov 6, 2023.
             Slain by a +2 spectral club (6 damage)
             ... created by Ijyb
             ... on level 4 of the Dungeon.
             The game lasted 00:03:24 (2422 turns).

ytrimaz the Sneak (Octopode Shapeshifter)           Turns: 2422, Time: 00:03:24

Health: 0/49       AC: 22    Str: 13    XL:     5   Next: 92%
Magic:  5/5        EV:  2    Int: 13    God:
Gold:   190        SH:  0    Dex: 13    Spells: 4/4 levels left

rFire   . .          .
                       - Unarmed
rCold   . . .        (no shield)
rNeg    + . .        (helmet currently unavailable)
rPois   +            (no amulet)
rElec   .            e - ring of positive energy
rCorr   .            (no ring)
SInv    .            (no ring)
Will    .....        (no ring)
Stlth   +++          (no ring)
HPRegen 0.28/turn    (no ring)
MPRegen 0.09/turn    (no ring)
                     (no ring)

%: no passive effects
@: tree-form
A: stationary, stasis, torment immunity, boosted hp, almost no armour,
(amphibious), 8 rings, (camouflage 1), (gelatinous body 1), (nimble swimmer 1),
(tentacles)
a: no special abilities


You were on level 4 of the Dungeon.
You were a tree.
You visited 1 branch of the dungeon, and saw 4 of its levels.

You collected 190 gold pieces.


Innate Abilities, Weirdness & Mutations

You are a tree.
Your roots penetrate the ground, keeping you stationary.
You cannot be teleported.
You are immune to unholy pain and torment.
Your maximum health is greatly increased.
You cannot wear most types of armour.
((You are amphibious.))
You can wear up to eight rings at the same time.
((Your skin changes colour to match your surroundings (Stealth+).))
((Your rubbery body absorbs attacks. (AC +1, EV +1)))
((You are camouflaged when in or above water. (Stealth+)))
((You have tentacles for arms and can constrict up to eight enemies at once.))


   Skills:
 - Level 1.0 Fighting
 - Level 2.0 Dodging
 + Level 5.5 Stealth
 - Level 3.0 Unarmed Combat
 + Level 4.7 Shapeshifting


You had 4 spell levels left.
You didn't know any spells.
Your spell library contained the following spells:

 Spells                   Type           Power      Damage    Failure   Level
 Inner Flame              Hex/Fire       0%         N/A       67%         3
 Leda's Liquefaction      Hex/Erth       0%         N/A       97%         4
 Lee's Rapid Deconstruct  Erth           0%         3d4*      100%        5
 Yara's Violent Unravell  Hex/Tmut       0%         3d3       100%        5
 Bombard                  Conj/Erth      0%         9d1       100%        6
 Enfeeble                 Hex            0%         N/A       100%        7

Inventory:

Jewellery
 e - a ring of positive energy (left branch)
   (You found it on level 2 of the Dungeon)
Talismans
 b - a beast talisman
 c - a flux talisman
 n - a blade talisman
   (You found it on level 2 of the Dungeon)
Wands
 s - a wand of polymorph (4)
   (You found it on level 3 of the Dungeon)
 u - a wand of paralysis (6) (quivered)
   (You found it on level 3 of the Dungeon)
Scrolls
 d - a scroll of noise {unknown}
 g - a scroll of poison {unknown}
 h - a scroll of silence {unknown}
 i - a scroll of teleportation {unknown}
 k - a scroll of fog
 l - a scroll of identify
 m - a scroll of enchant armour {unknown}
Potions
 a - a potion of lignification
 f - a potion of curing
 j - a potion of berserk rage {unknown}
 o - a potion of ambrosia {unknown}
 q - a potion of haste {unknown}
 r - 2 potions of brilliance
 t - a potion of mutation {unknown}

Dungeon Overview and Level Annotations

Branches:
Dungeon (4/15) Zot: 21588
 Temple: D:4-7

Altars:
Yredelemnul
The Shining One

Annotations:
D:4 Eustachio, Ijyb, Robin

...............
.......###...<.......
......##............
.....#....#........
........)##.......
...###...##..#...
...##..#####.# .#
###.###.##.# ... #
#♣...#...#.#.....
#...g(#..##.........#
P......##...#.....#..
P...... ##....##..#
P...... #.........#
P..........#........#
.....#....##.........
.....#.... ..........
.....##.........


You could see a +2 spectral club and Ijyb.


Message History

Unknown command.
You tentacle-slap the gnoll. You constrict the gnoll.
You kill the gnoll!
You completely miss the orc. You grab the orc. You constrict the orc.
The orc hits you with a +0 short sword.
* * * LOW HITPOINT WARNING * * *
😱 HP[-4]
You take 4 damage, and now have 5/33 hp.
You tentacle-slap the orc. You constrict the orc.
You kill the orc!
Unknown command.
You tentacle-slap the goblin. You grab the goblin. You constrict the goblin.
You kill the goblin!
Unknown command.
Key pressed, stopping explore.
Key pressed, stopping explore.
Unknown command. 😮 HP[+12]
You regained 12 hp, and now have 17/33 hp.
Key pressed, stopping explore.
Things that are here:
a +0 dagger; a +0 short sword; a +0 club 😕 HP[+14]
You regained 14 hp, and now have 31/33 hp.
Done exploring. 😎 HP[+2]
Your hp is fully restored (33).
There is a stone staircase leading down here.
You climb downwards.
Level annotation: Eustachio, Robin
There is a stone staircase leading up here.
Unknown command.
A goblin comes into view. It is wielding a +0 club.
The goblin shouts!
A goblin is nearby!
A goblin is nearby!
A goblin is nearby!
You barely miss the goblin. You grab the goblin. You tentacle-slap the goblin.
You kill the goblin!
No target in view!
You see here a +0 club.
No target in view!
l - a scroll of identify Ijyb the Twisted Goblin comes into view.
She is wielding a +2 spectral club and carrying a wand of quicksilver.
You see here a fuming ruby potion.
The helpless Ijyb fails to defend herself.
You tentacle-slap Ijyb but do no damage.
Your grab misses Ijyb. Ijyb hits you with a +2 spectral club.
The +2 spectral club hits you!
A +2 spectral club comes into view. 😮 HP[-10]
You take 10 damage, and now have 23/33 hp.
MASSIVE DAMAGE!! (PAUSE)
You tentacle-slap Ijyb but do no damage.
You grab Ijyb. You constrict Ijyb. The +2 spectral club hits you!
* * * LOW HITPOINT WARNING * * *
The +2 spectral club hits you.
* * * LOW HITPOINT WARNING * * *
Ijyb zaps a wand.
The bolt of dispelling energy misses you. 😨 HP[-13]
You take 13 damage, and now have 10/33 hp.
MASSIVE DAMAGE!! (PAUSE)
You tentacle-slap Ijyb but do no damage.
You constrict Ijyb.
The +2 spectral club disappears.
Ijyb hits you with a +2 spectral club.
* * * LOW HITPOINT WARNING * * *
The +2 spectral club closely misses you.
A +2 spectral club comes into view. 😱 HP[-2]
You take 2 damage, and now have 8/33 hp.
Unknown command.
Your transformation has ended.
You turn into a tree.
Your roots penetrate the ground.
You lose your grip on Ijyb.
The +2 spectral club hits you but does no damage.
Ijyb hits you but does no damage.
The +2 spectral club hits you but does no damage.
The +2 spectral club hits you!
* * * LOW HITPOINT WARNING * * *
😱 HP[-4]
You now have 49 max hp (+16).
Unknown command.
Unknown command.
You feel better.
The +2 spectral club hits you but does no damage. x2
Ijyb hits you but does no damage. The +2 spectral club hits you.
* * * LOW HITPOINT WARNING * * *
The +2 spectral club hits you but does no damage. 😱 HP[+7]
You regained 7 hp, and now have 11/49 hp.
Aiming: Paralyse
Press: ? - help, Q - select action, (/) - cycle Shift-Dir - straight line, f - Ijyb
Aim: Ijyb, wielding a +2 spectral club, wearing a +0 leather armour and carrying a wand of quicksilver (lightly wounded, chance to affect: 57%) Ijyb resists with significant effort.
The +2 spectral club hits you but does no damage.
The +2 spectral club hits you.
* * * LOW HITPOINT WARNING * * *
Ijyb hits you but does no damage. The +2 spectral club hits you.
You die...

Skill      XL: |  1  2  3  4  5 |
---------------+----------------+-----
Stealth        | 1 2 3 4 5 |  5.5
Shapeshifting  | 4 |  4.7
Fighting       | |  1.0
Dodging        | |  2.0
Unarmed Combat | |  3.0

Action                     |  1- 3 |  4- 6 || total
---------------------------+-------+-------++-------
  Melee: Unarmed           |    59 |    91 ||   150
         Constrict         |    18 |    21 ||    39
         Punch             |     3 |     2 ||     5
         Tentacles         |    12 |    17 ||    29
  Evoke: Wand              |       |     1 ||     1
    Use: Scroll            |       |     4 ||     4
         Potion            |       |     2 ||     2
   Stab: Sleeping          |     7 |     7 ||    14
 Armour: Skin              |    15 |    53 ||    68
  Dodge: Dodged            |    33 |    46 ||    79

Levels and vault maps discovered:
D:1:      dpeg_arrival_rooms_b, layout_rooms, st_stairs_5, minmay_tromino_i4
D:2:      layout_loops_ring, nicolae_figureground_pulse
D:3:      cheibrodos_greedy_goblins, layout_loops_cross,
          grunt_temple_overflow_holy_war, gammafunk_ghost_split
D:4:      layout_cave_pools, mainiacjoe_overflow_boulevard,
          nicolae_ru_awakened_eye, uniq_ijyb, uniq_robin, uniq_eustachio

Notes
Turn   | Place    | Note
-------+----------+-------------------------------------------
     0 | D:1      | ytrimaz the Octopode Shapeshifter began the quest for the
                  | Orb.
     0 | D:1      | Reached XP level 1. HP: 13/13 MP: 1/1
     0 | D:1      | magus.rc [v1.9.6]
    44 | D:1      | Reached skill level 1 in Stealth
    57 | D:1      | You fall into a shaft and drop 1 floor!
    82 | D:1      | Reached XP level 2. HP: 12/18 MP: 2/2
   254 | D:1      | You pick up a book of Misfortune and begin reading...
   254 | D:1      | You add the spells Inner Flame, Yara's Violent Unravelling
                  | and Enfeeble to your library.
   310 | D:1      | Reached skill level 2 in Stealth
   594 | D:2      | Reached XP level 3. HP: 22/23 MP: 3/3
   651 | D:2      | You pick up a book of the Earth and begin reading...
   651 | D:2      | You add the spells Leda's Liquefaction, Lee's Rapid
                  | Deconstruction and Bombard to your library.
   679 | D:2      | Reached skill level 3 in Stealth
  1215 | D:3      | Reached XP level 4. HP: 28/28 MP: 4/4
  1313 | D:3      | Noticed Runia's ghost (amateur BaHs)
  1314 | D:3      | Found a runed translucent gate.
  1314 | D:3      | Found a runed translucent gate.
  1314 | D:3      | Found a runed translucent gate.
  1399 | D:3      | HP: 6/28 [worm (6)]
  1402 | D:3      | Reached skill level 4 in Shapeshifting
  1531 | D:3      | Reached skill level 4 in Stealth
  1887 | D:3      | Reached XP level 5. HP: 33/33 MP: 5/5
  1938 | D:3      | Found a glowing golden altar of the Shining One.
  1940 | D:3      | Noticed an angel
  1972 | D:3      | Found a basalt altar of Yredelemnul.
  1976 | D:3      | Noticed a profane servitor
  2103 | D:3      | HP: 5/33 [Runia's ghost (5)]
  2104 | D:3      | Killed Runia's ghost
  2105 | D:3      | Reached skill level 5 in Stealth
  2263 | D:4      | Identified the +0 helmet "Gub Kimo" {+Blink rElec Dex+8
                  | Slay-2}
  2263 | D:4      | Noticed Robin
  2264 | D:4      | Noticed Eustachio
  2275 | D:3      | HP: 5/33 [orc/+0 short sword (5)]
  2414 | D:4      | Noticed Ijyb
  2419 | D:4      | HP: 8/33 [Ijyb/+2 spectral club (3)]
  2422 | D:4      | Slain by a +2 spectral club

Vanquished Creatures
  The ghost of Runia the Shooter, an amateur BaHs (D:3)
  A gnoll (D:3)
  An adder (D:2)
  2 worms
  4 dart slugs
  17 orcs
  5 endoplasms
  16 goblins
  9 hobgoblins
  2 jackals (D:3)
  4 kobolds
  3 quokkas
  3 ball pythons
  6 bats
  3 frilled lizards
  2 rats
79 creatures vanquished.

Table legend:
 A = Non-vault XP
 B = Vault XP
 C = Vault XP percentage of total XP
 D = Non-vault monster count
 E = Vault monster count
 F = Vault count percentage of total count
                 A         B        C        D         E       F
            +---------+---------+-------+---------+---------+-------
      Total |     158 |     150 |  48.7 |      57 |      22 |  27.8
            +---------+---------+-------+---------+---------+-------
        D:1 |      13 |      10 |  43.5 |       8 |       5 |  38.5
        D:2 |      55 |       0 |   0.0 |      20 |       0 |   0.0
        D:3 |      88 |     140 |  61.4 |      28 |      17 |  37.8
        D:4 |       2 |       0 |   0.0 |       1 |       0 |   0.0
            +---------+---------+-------+---------+---------+-------

Skill      XL: |  1  2  3  4  5 |
---------------+----------------+-----
Stealth        | 1 2 3 4 5 |  5.5
Shapeshifting  | 4 |  4.7
Fighting       | |  1.0
Dodging        | |  2.0
Unarmed Combat | |  3.0

Action                     |  1- 3 |  4- 6 || total
---------------------------+-------+-------++-------
  Melee: Unarmed           |    59 |    91 ||   150
         Constrict         |    18 |    21 ||    39
         Punch             |     3 |     2 ||     5
         Tentacles         |    12 |    17 ||    29
  Evoke: Wand              |       |     1 ||     1
    Use: Scroll            |       |     4 ||     4
         Potion            |       |     2 ||     2
   Stab: Sleeping          |     7 |     7 ||    14
 Armour: Skin              |    15 |    53 ||    68
  Dodge: Dodged            |    33 |    46 ||    79

Illustrated notes

Table legend:
 A = Kills in this place as a percentage of kills in the entire game.
 B = Kills by you in this place as a percentage of kills by you in the entire game.
 C = Kills by friends in this place as a percentage of kills by friends in the entire game.
 D = Other kills in this place as a percentage of other kills in the entire game.
 E = Experience gained in this place as a percentage of experience gained in the entire game.
 F = Experience gained in this place divided by the number of levels of this place that you have seen.
                   A       B       C       D       E      F
               +-------+-------+-------+-------+-------+----------------------
         Total | 100.0 | 100.0 |   N/A |   N/A | 100.0 |  77.0
       Dungeon | 100.0 | 100.0 |   N/A |   N/A | 100.0 |  77.0
               +-------+-------+-------+-------+-------+----------------------

Table legend: (Time is in decaauts)
 A = Elapsed time spent in this place.
 B = Non-inter-level travel time spent in this place.
 C = Inter-level travel time spent in this place.
 D = Time resting spent in this place.
 E = Time spent auto-exploring this place.
 F = Levels seen in this place.
 G = Mean time per level.
                   A        B        C        D        E       F      G
               +--------+--------+--------+--------+--------+-----+--------+
         Total |   2410 |   2327 |     83 |      0 |   1844 |   4 |  602.5 |
       Dungeon |   2410 |   2327 |     83 |      0 |   1844 |   4 |  602.5 |
               +--------+--------+--------+--------+--------+-----+--------+

Top non-repeatable levels by time:
     D:3: 1179 daAuts
     D:2: 683 daAuts
     D:1: 516 daAuts
     D:4: 31 daAuts
